 Dungeon Crawl Stone Soup version 0.30.0-29-ga12c61a403 (webtiles) character file.

Game seed: 10181280049541973789

247437 GimliDwarf the Gnoll Cataclysm (level 19, -14/167 HPs)
             Began as a Gnoll Wanderer on June 22, 2023.
             Was a High Priest of Qazlal.
             Killed from afar by a deep elf sorcerer (56 damage)
             ... with a bolt of acid
             ... on level 3 of the Elven Halls.
             The game lasted 02:59:44 (32892 turns).

GimliDwarf the Gnoll Cataclysm (Gnoll Wanderer)    Turns: 32892, Time: 02:59:44

Health: -14/167    AC: 20    Str: 14    XL:     19   Next: 54%
Magic:  23/46      EV: 21    Int: 16    God:    Qazlal [*****.]
Gold:   1557       SH: 17    Dex: 16    Spells: 3/46 levels left

rFire   . . .        l - +7 long sword (protect)
rCold   + . .        p - +0 buckler of the Other World {Rampage rC+ Slay+2}
rNeg    . . .        b - +4 troll leather armour {Pargi}
rPois   .            (helmet restricted)
rElec   .            E - scarf {+Inv}
rCorr   .            D - +2 pair of gloves {Str+3}
SInv    .            (no boots)
Will    ++...        r - amulet of magic regeneration
Stlth   ++           t - ring of the Octopus King {HP+2 MP+9 AC+2 EV+2 SH+2}
HPRegen 1.27/turn    X - ring of willpower
MPRegen 0.70/turn

%: repel missiles, rampage
@: no status effects
A: fangs 1, strong nose, distributed training, antennae 1, iridescent scales 2,
robust 1
}: 2/15 runes: barnacled, gossamer
a: Renounce Religion, Evoke Invisibility, Upheaval, Elemental Force, Disaster
Area


You were on level 3 of the Elven Halls.
You worshipped Qazlal.
Qazlal was extremely pleased with you.
You visited 6 branches of the dungeon, and saw 28 of its levels.
You visited 1 bazaar.
You also visited: Sewer, Ossuary, Ice Cave and Volcano.

You collected 3442 gold pieces.
You spent 1885 gold pieces at shops.

Inventory:

Hand Weapons
 e - the +5 quarterstaff of Okawaru's Hatred {flame, *Noise rElec Dex+4}
   (You bought it in a shop on level 2 of the Orcish Mines)

   Dex:       It affects your dexterity (+4).
   rElec:     It insulates you from electricity.
   *Noise:    It may make noises in combat.
 l - a +7 long sword of protection (weapon)
Missiles
 n - 2 throwing nets
Armour
 b - a +4 troll leather armour (worn) {Pargi}
 p - the +0 buckler of the Other World (worn) {Rampage rC+ Slay+2}
   (You found it on level 2 of the Dungeon)

   Slay:      It affects your accuracy & damage with ranged weapons and melee
   (+2).
   rC:        It protects you from cold.
   Rampage:   It bestows one free step when moving towards enemies.
 D - a +2 pair of gloves of strength (worn)
 E - a scarf of invisibility (worn)
Jewellery
 r - an amulet of magic regeneration (around neck)
 t - a ring of the Octopus King (left hand) {HP+2 MP+9 AC+2 EV+2 SH+2}
   (You bought it in a shop on level 1 of the Orcish Mines)

   [ring of magical power]

   AC:        It affects your AC (+2).
   EV:        It affects your evasion (+2).
   HP:        It affects your health (+2).
   MP:        It affects your magic capacity (+9).
   SH:        It affects your SH (+2).
 u - a ring of wizardry
 y - a ring of see invisible
 z - a ring of flight
 J - a ring of ice
 Q - a ring of fire
 S - the ring of Compassion {Ice Fly rElec Int+4 Slay-3}
   (You found it in an ice cave)

   [ring of ice]

   It enhances your ice magic.
   Int:       It affects your intelligence (+4).
   Slay:      It affects your accuracy & damage with ranged weapons and melee
   (-3).
   rF:        It makes you vulnerable to fire.
   rC:        It protects you from cold.
   rElec:     It insulates you from electricity.
   Fly:       It grants you flight.
 T - a ring of poison resistance
 X - a ring of willpower (right hand)
 Y - a ring of positive energy
Wands
 w - a wand of flame (29)
 C - a wand of mindburst (16)
 M - a wand of polymorph (13)
 R - a wand of roots (8)
 U - a wand of digging (12)
 W - a wand of paralysis (15)
Scrolls
 a - 12 scrolls of identify
 c - a scroll of fear
 d - 6 scrolls of fog
 i - 8 scrolls of teleportation
 m - 3 scrolls of poison
 F - 5 scrolls of silence
 I - 4 scrolls of magic mapping
 K - 3 scrolls of enchant armour
 P - a scroll of blinking
Potions
 g - a potion of magic
 h - 2 potions of might
 j - a potion of resistance
 k - 2 potions of berserk rage
 o - 9 potions of lignification
 q - 4 potions of brilliance
 s - 7 potions of invisibility
 v - 9 potions of ambrosia
 x - 5 potions of curing
 A - 5 potions of mutation
 B - 2 potions of cancellation
 H - 2 potions of flight
 L - 3 potions of haste
 V - a potion of heal wounds
Miscellaneous
 f - a lightning rod (4/4)


   Skills:
 + Level 13.6 Fighting
 + Level 13.8 Short Blades
 + Level 13.6 Long Blades
 + Level 13.6 Axes
 + Level 13.6 Maces & Flails
 + Level 13.6 Polearms
 + Level 13.6 Staves
 + Level 13.6 Ranged Weapons
 + Level 13.6 Throwing
 + Level 13.8 Armour
 + Level 13.6 Dodging
 + Level 13.6 Stealth
 + Level 13.8 Shields
 + Level 13.6 Unarmed Combat
 + Level 14.4 Spellcasting
 + Level 11.5 Conjurations
 + Level 11.5 Hexes
 + Level 11.5 Summonings
 + Level 11.5 Necromancy
 + Level 14.2 Translocations
 + Level 11.5 Transmutations
 + Level 11.5 Fire Magic
 + Level 11.5 Ice Magic
 + Level 11.5 Air Magic
 + Level 11.5 Earth Magic
 + Level 11.5 Poison Magic
 + Level 14.7 Invocations
 + Level 13.6 Evocations


You had 3 spell levels left.
You knew the following spells:

 Your Spells              Type           Power      Damage    Failure   Level
a - Agony                 Necr           48%        N/A       1%          5
b - Blink                 Tloc           100%       N/A       1%          2
c - Teleport Other        Tloc           55%        N/A       1%          3
d - Silence               Hex/Air        24%        N/A       1%          5
e - Olgreb's Toxic Radia  Pois           48%        N/A       1%          4
g - Dazzling Flash        Conj/Hex       96%        N/A       1%          3
h - Freezing Cloud        Conj/Ice/Air   24%        6-21      1%          5
i - Leda's Liquefaction   Hex/Erth       24%        N/A       1%          4
j - Ozocubu's Refrigerat  Ice            24%        4d12      50%         7
k - Summon Mana Viper     Hex/Summ       48%        N/A       1%          5

Your spell library contained the following spells:

 Spells                   Type           Power      Damage    Failure   Level
 Apportation              Tloc           100%       N/A       1%          1
 Magic Dart               Conj           100%       1d8       1%          1
 Sandblast                Erth           96%        2d20      1%          1
 Sting                    Tmut/Pois      100%       1d8       1%          1
 Summon Small Mammal      Summ           100%       N/A       1%          1
 Call Imp                 Summ           96%        N/A       1%          2
 Passwall                 Tmut/Erth      40%        N/A       1%          2
 Poisonous Vapours        Pois/Air       96%        N/A       1%          2
 Sublimation of Blood     Necr           48%        N/A       1%          2
 Call Canine Familiar     Summ           48%        N/A       1%          3
 Frozen Ramparts          Ice            96%        1d15      1%          3
 Gell's Gravitas          Tloc           55%        N/A       1%          3
 Mephitic Cloud           Conj/Pois/Air  48%        N/A       1%          3
 Ozocubu's Armour         Ice            48%        N/A       1%          3
 Portal Projectile        Hex/Tloc       100%       N/A       1%          3
 Summon Guardian Golem    Hex/Summ       48%        N/A       1%          3
 Tukima's Dance           Hex            48%        N/A       1%          3
 Anguish                  Hex/Necr       24%        N/A       1%          4
 Ice Form                 Ice/Tmut       48%        N/A       1%          4
 Petrify                  Tmut/Erth      48%        N/A       1%          4
 Summon Ice Beast         Ice/Summ       48%        N/A       1%          4
 Blade Hands              Tmut           24%        N/A       1%          5
 Borgnjor's Vile Clutch   Necr/Erth      24%        N/A       1%          5
 Dispersal                Tloc           27%        N/A       3%          6
 Iron Shot                Conj/Erth      24%        9d5       11%         6
 Statue Form              Tmut/Erth      32%        N/A       11%         6
 Monstrous Menagerie      Summ           24%        N/A       50%         7


Dungeon Overview and Level Annotations

Branches:
Dungeon (10/15)            Temple (0/1) D:4            Lair (5/5) D:10
 Shoals (4/4) Lair:2       Spider (4/4) Lair:3        Slime (0/5) Lair:4
    Orc (2/2) D:9             Elf (3/3) Orc:2         Sewer (visited)
Ossuary (visited)           IceCv (visited)         Volcano (visited)

Altars:
Ashenzari
Cheibriados
Dithmenos
Elyvilon
Gozag
Kikubaaqudgha
Makhleb
Okawaru
Qazlal
Vehumet
Wu Jian
Yredelemnul
Zin

Shops:
D:6 =   D:7 :   Orc:1 *!=*   Orc:2 ((:?!   Elf:1 =   Shoals:1 [   Shoals:2 =

Portals:
Abyss: D:8

Annotations:
D:1 1 runed translucent door
D:4 Edmund
Elf:2 2 runed translucent doors


Innate Abilities, Weirdness & Mutations

You have very sharp teeth.
Your uncanny sense of smell can sniff out nearby items.
Your experience applies equally to all skills.
You have a pair of small antennae on your head.
You are mostly covered in iridescent scales. (AC +4)
You are robust. (+10% HP)


Message History

Your water elemental hits the earth elemental.
Your water elemental engulfs the earth elemental in water!
Things that are here:
a +0 long sword; a +0 leather armour You hear a shout! x2
Your water elemental disappears in a puff of smoke! x3
Your water elemental closely misses the deep elf sorcerer.
The earth elemental is no longer engulfed.
You hear a shout!
The deep elf sorcerer gestures at you while chanting.
The bolt of acid hits your water elemental!!!
The acid corrodes your water elemental!
Your water elemental is destroyed!
Your water elemental disappears in a puff of smoke!
The bolt of acid misses you.
The deep elf sorcerer points at you and mumbles some strange words.
The bolt of acid hits you!!! The acid corrodes you!
The deep elf high priest mumbles some strange prayers to its god against you.
Something smites you!
The deep elf sorcerer casts a spell at you.
The bolt of acid misses you.
You hear a shout!
The deep elf sorcerer seems less brilliant.
The deep elf sorcerer is empowered by something's aura!
The deep elf sorcerer becomes larger for a moment.
The deep elf sorcerer points at you and mumbles some strange words.
The bolt of acid is repelled.
You hear rumbling.
You hear a shout!
Some walls begin to move on their own!
You hear a shout!
The deep elf sorcerer casts a spell at you.
The sphere of damnation explodes!
The damnation engulfs you!!!
* * * LOW HITPOINT WARNING * * *
The deep elf sorcerer gestures at you while chanting.
The bolt of acid is repelled.
You are no longer corroded.
The deep elf sorcerer gestures at you while chanting.
The bolt of acid hits you!!!
You die...

.E#.$.e.....E........
.##........##....####
..
e##........##.....##
...
e..#......##E..§...#
#. ...# ##
.####....##..E○e..##
#.# ..##. e# #####^
#E{°.## #.#. #.#. e#
#. #.##.# #.#.# #..
#.##.# #.#.#########.
#...@##.#.###........
#....#.#.# #.........
#..☼#.#..###.........
#.........###.......#
#..........).....####
#..)....))......##
#...##.<.)##.#.#.##
#...##......#.###.##
#.####.....).## ##.##


You could see a deep elf sorcerer (fast, empowered, poisoned).

Vanquished Creatures
  Roxanne (Elf:1)
  A frost giant (Shoals:4)
  7 emperor scorpions
  A deep elf sorcerer (Elf:1)
  Aizul (Elf:2)
  3 ghost moths
  A deep elf elementalist (Elf:2)
  A quicksilver ooze (IceCv)
  The ghost of Puaqeyn the Warrior, a journeyman MiFi of Makhleb (Lair:4)
  5 broodmothers
  A deep elf demonologist (Elf:3)
  A deep elf annihilator (Elf:3)
  A spark wasp (Spider:4)
  A deep elf death mage (Elf:1)
  6 entropy weavers
  9 merfolk impalers
  4 merfolk javelineers (Shoals:4)
  Josephine (Orc:1)
  Erolcha (D:9)
  2 hydras
  4 merfolk avatars
  2 alligator snapping turtles
  4 ogre magi (Orc:2)
  2 merfolk aquamancers
  17 dancing weapons
  A two-headed ogre (Orc:1)
  A catoblepas (Lair:4)
  A satyr (Shoals:4)
  5 boulder beetles
  A death scarab (Spider:3)
  A hell hog (D:8)
  An orc high priest (Orc:2)
  The ghost of suzumiya the Severer, a novice MiFi (D:8)
  6 death yaks (Lair:2)
  Urug (Orc:2)
  13 deep elf knights
  Nergalle (Orc:2)
  3 skysharks
  5 pharaoh ants
  17 sea snakes
  11 orb spiders
  A sun moth (Spider:4)
  6 deep elf archers
  3 necromancers (Elf:1)
  An orange crystal statue (Elf:1)
  29 deep elf pyromancers
  A steelbarb worm (Spider:4)
  Pikel (D:4)
  17 harpies
  18 deep elf zephyrmancers
  19 fauns
  14 manticores
  13 wolf spiders
  An orc knight (Orc:1)
  5 cyclopes
  11 orc sorcerers
  11 elephants
  4 moths of wrath
  A toenail golem (D:8)
  11 merfolk sirens
  5 demonic crawlers
  6 water nymphs
  2 ice statues (IceCv)
  2 black mambas
  6 cane toads
  3 torpor snails
  A gargoyle (D:7)
  13 komodo dragons
  Psyche (D:9)
  2 rime drakes
  3 kobold demonologists
  9 polar bears
  2 meliai (Lair:4)
  A queen bee (Lair:4)
  A troll (D:10)
  52 merfolk
  8 hornets
  20 blink frogs
  5 wind drakes
  14 dream sheep
  17 tarantellas
  36 jumping spiders
  9 snapping turtles
  15 slime creatures (IceCv)
  5 air elementals
  A shadow (D:9)
  15 culicivoras
  12 spriggans (Lair:5)
  7 water elementals
  3 basilisks
  4 wraiths
  6 fire elementals
  38 yaks
  4 wyverns
  44 redbacks
  2 large abominations (Elf:1)
  Menkaure (D:6)
  A warg (Orc:1)
  12 water moccasins
  3 hell hounds (Volcano)
  9 orc warriors
  5 great orb of eyes simulacra (IceCv)
  2 ice beasts
  2 sky beasts (D:8)
  5 black bears
  Pargi (Sewer)
  3 ogres
  5 boggarts (Lair:5)
  3 centaurs
  35 wolves
  3 small abominations (D:8)
  A slime creature simulacrum (IceCv)
  4 lemures (D:4)
  A phantom (D:9)
  3 elf zombies
  Blork the orc (D:5)
  13 bullfrogs
  2 kobold brigands
  3 earth elementals (Elf:2)
  A necrophage (D:7)
  A scorpion (D:6)
  2 glowing shapeshifter simulacra (IceCv)
  21 killer bees
  A troll zombie (D:9)
  10 electric eels
  5 howler monkeys
  2 centaur zombies (Ossuary)
  7 hounds
  12 orc priests
  A human zombie (Ossuary)
  3 gnoll boudas
  Natasha (thrice) (D:4)
  4 iguanas
  28 orc wizards
  A hell rat (Lair:4)
  A shapeshifter simulacrum (IceCv)
  6 ogre zombies (D:9)
  2 mummies (Ossuary)
  A hound skeleton (D:7)
  14 gnolls
  2 river rats (D:3)
  7 adders
  An adder zombie (Ossuary)
  2 worms (D:2)
  6 dart slugs
  46 orcs
  7 endoplasms
  2 giant cockroaches (D:1)
  15 goblins
  5 hobgoblins
  2 jackals (D:1)
  2 quokkas
  12 ball pythons
  13 bats
  6 frilled lizards
  3 goblin skeletons (D:9)
  14 hobgoblin zombies
  2 jackal zombies (Ossuary)
  15 kobolds
  8 kobold zombies (Ossuary)
  3 orc skeletons (D:9)
  15 orc zombies
  2 rats
  3 rat zombies (Ossuary)
  3 butterflies (Lair:4)
1128 creatures vanquished.

Vanquished Creatures (collateral kills)
  Jorgrun (Orc:2)
  Donald (Spider:3)
  An azure jelly (IceCv)
  An emperor scorpion (Spider:4)
  Louise (Shoals:2)
  A merfolk impaler (Shoals:4)
  Harold (D:9)
  3 dancing weapons (Elf:2)
  An orb spider (Spider:3)
  2 slime creatures (IceCv)
  A steelbarb worm (Spider:3)
  3 deep elf pyromancers
  2 harpies (Shoals:4)
  A manticore (Shoals:2)
  A faun (Shoals:2)
  A kobold demonologist (D:9)
  3 merfolk
  A tarantella (Spider:3)
  A hornet (D:9)
  A wind drake (Shoals:4)
  A culicivora (Spider:3)
  2 water elementals (Shoals:4)
  2 fire elementals (Volcano)
  A redback (Spider:3)
  3 hell hounds (Volcano)
  A slime creature simulacrum (IceCv)
38 creatures vanquished.

Vanquished Creatures (others)
  A deep elf pyromancer (Elf:1)
  A cyclops (D:7)
  A harpy (Shoals:4)
  Grinder (D:6)
  A shadow (D:9)
  An air elemental (Elf:2)
  3 slime creatures (IceCv)
  A wraith (D:7)
  A water moccasin (D:5)
  A phantom (D:9)
  A slime creature simulacrum (IceCv)
  A troll zombie (D:9)
  An orc priest (Orc:2)
  A goblin zombie (D:9)
  An orc skeleton (D:9)
  6 orc zombies (D:9)
23 creatures vanquished.

Grand Total: 1189 creatures vanquished

Notes
Turn   | Place    | Note
-------+----------+-------------------------------------------
     0 | D:1      | GimliDwarf the Gnoll Wanderer began the quest for the Orb.
     0 | D:1      | GimliDwarf set off with the following items: a +0 short
                  | sword, a +0 buckler, a scroll of fear, a +0 robe; and the
                  | following spell memorised: Apportation; and the following
                  | spells available to memorise: Blink, Teleport Other.
     0 | D:1      | Reached XP level 1. HP: 13/13 MP: 6/6
     1 | D:1      | Found a runed translucent door.
   134 | D:1      | Reached XP level 2. HP: 19/19 MP: 7/7
   351 | D:1      | Reached skill level 5 in Spellcasting
   351 | D:1      | Reached XP level 3. HP: 13/25 MP: 7/9
   661 | D:1      | Reached skill level 1 in Invocations
  1066 | D:2      | Reached skill level 1 in Fighting
  1066 | D:2      | Reached skill level 1 in Long Blades
  1066 | D:2      | Reached skill level 1 in Axes
  1066 | D:2      | Reached skill level 1 in Maces & Flails
  1066 | D:2      | Reached skill level 1 in Polearms
  1066 | D:2      | Reached skill level 1 in Staves
  1066 | D:2      | Reached skill level 1 in Ranged Weapons
  1066 | D:2      | Reached skill level 1 in Throwing
  1066 | D:2      | Reached skill level 1 in Dodging
  1066 | D:2      | Reached skill level 1 in Stealth
  1066 | D:2      | Reached skill level 1 in Unarmed Combat
  1066 | D:2      | Reached skill level 1 in Evocations
  1211 | D:2      | Found a stormy altar of Qazlal.
  1219 | D:2      | Became a worshipper of Qazlal Stormbringer
  1300 | D:2      | Reached XP level 4. HP: 31/32 MP: 11/11
  1479 | D:2      | Reached skill level 1 in Conjurations
  1479 | D:2      | Reached skill level 1 in Hexes
  1479 | D:2      | Reached skill level 1 in Summonings
  1479 | D:2      | Reached skill level 1 in Necromancy
  1479 | D:2      | Reached skill level 1 in Transmutations
  1479 | D:2      | Reached skill level 1 in Fire Magic
  1479 | D:2      | Reached skill level 1 in Ice Magic
  1479 | D:2      | Reached skill level 1 in Air Magic
  1479 | D:2      | Reached skill level 1 in Earth Magic
  1479 | D:2      | Reached skill level 1 in Poison Magic
  1570 | D:2      | Identified the +0 buckler of the Other World {Rampage rC+
                  | Slay+2}
  1707 | D:2      | Learned a level 2 spell: Blink
  1711 | D:2      | Learned a level 3 spell: Teleport Other
  2052 | D:3      | Found a glowing drain.
  2064 | D:3      | Reached XP level 5. HP: 17/37 MP: 12/12
  2067 | D:3      | Reached * piety under Qazlal
  2112 | Sewer    | Entered a sewer
  2166 | Sewer    | Noticed Pargi
  2190 | Sewer    | Killed Pargi
  2191 | Sewer    | Reached XP level 6. HP: 44/44 MP: 8/13
  3050 | D:3      | Found a glowing silver altar of Zin.
  3050 | D:3      | Found an opulent altar of Gozag.
  3250 | D:4      | Found a white marble altar of Elyvilon.
  3258 | D:4      | Found a snail-covered altar of Cheibriados.
  3300 | D:4      | Noticed Pikel
  3325 | D:4      | Reached XP level 7. HP: 49/50 MP: 15/15
  3529 | D:3      | Gained mutation: You are vulnerable to heat. (rF-) [potion
                  | of mutation]
  3529 | D:3      | Lost mutation: You are vulnerable to heat. (rF-) [potion of
                  | mutation]
  3529 | D:3      | Gained mutation: Your movements are slightly less
                  | encumbered by armour. (ER -2) [potion of mutation]
  3530 | D:3      | Lost mutation: Your movements are slightly less encumbered
                  | by armour. (ER -2) [potion of mutation]
  3530 | D:3      | Gained mutation: You are vulnerable to heat. (rF-) [potion
                  | of mutation]
  3530 | D:3      | Gained mutation: You are agile. (Dex +4, Str/Int -1)
                  | [potion of mutation]
  3531 | D:3      | Lost mutation: You are vulnerable to heat. (rF-) [potion of
                  | mutation]
  3531 | D:3      | Lost mutation: You are agile. (Dex +4, Str/Int -1) [potion
                  | of mutation]
  3531 | D:3      | Gained mutation: Your spells are a little harder to cast,
                  | but a little more powerful. [potion of mutation]
  3531 | D:3      | Gained mutation: Your movements are slightly less
                  | encumbered by armour. (ER -2) [potion of mutation]
  3531 | D:3      | Gained mutation: You have a pair of small antennae on your
                  | head. [potion of mutation]
  3532 | D:3      | Lost mutation: Your movements are slightly less encumbered
                  | by armour. (ER -2) [potion of mutation]
  3532 | D:3      | Lost mutation: Your spells are a little harder to cast, but
                  | a little more powerful. [potion of mutation]
  3532 | D:3      | Gained mutation: You possess an exceptional clarity of
                  | mind. [potion of mutation]
  3532 | D:3      | Gained mutation: You are vulnerable to cold. (rC-) [potion
                  | of mutation]
  3532 | D:3      | Gained mutation: You are partially covered in iridescent
                  | scales. (AC +2) [potion of mutation]
  3532 | D:3      | Gained mutation: You have hidden genetic potential. [potion
                  | of mutation]
  3538 | D:4      | Found a shadowy altar of Dithmenos.
  3624 | D:4      | Noticed Natasha
  3655 | D:4      | Killed Natasha
  3729 | D:4      | Noticed Natasha
  3742 | D:4      | Killed Natasha
  3842 | D:4      | Found a staircase to the Ecumenical Temple.
  3912 | D:4      | Noticed Natasha
  3912 | D:4      | Noticed Edmund
  3929 | D:4      | Killed Natasha
  3941 | D:4      | Killed Pikel
  3942 | D:4      | Reached XP level 8. HP: 39/58 MP: 12/17
  3951 | D:4      | Gained mutation: You are agile. (Dex +4, Str/Int -1)
                  | [hidden potential]
  4047 | D:4      | Learned a level 2 spell: Poisonous Vapours
  4052 | D:4      | Learned a level 4 spell: Olgreb's Toxic Radiance
  4053 | D:5      | Entered Level 5 of the Dungeon
  4075 | D:5      | Reached ** piety under Qazlal
  4133 | D:5      | Found an ancient bone altar of Kikubaaqudgha.
  4185 | D:5      | Learned a level 3 spell: Summon Guardian Golem
  4577 | D:5      | Noticed Blork the orc
  4596 | D:5      | Killed Blork the orc
  4714 | D:6      | Reached XP level 9. HP: 65/65 MP: 16/18
  4722 | D:6      | Found Zen Ull's Jewellery Emporium.
  4732 | D:6      | Bought a ring of see invisible for 165 gold pieces
  4732 | D:6      | Bought a ring of flight for 192 gold pieces
  4750 | D:6      | Noticed Grinder
  4752 | D:6      | Paralysed by Grinder for 4 turns
  4781 | D:6      | Killed Grinder
  4793 | D:6      | Gained mutation: Your mind is acute. (Int +4, Str/Dex -1)
                  | [hidden potential]
  4793 | D:6      | Lost mutation: You have hidden genetic potential. [hidden
                  | potential expressed]
  4900 | D:6      | Noticed Menkaure
  4961 | D:6      | Killed Menkaure
  4962 | D:6      | Reached skill level 5 in Short Blades
  4962 | D:6      | Reached skill level 5 in Armour
  4962 | D:6      | Reached skill level 5 in Shields
  5439 | D:6      | Reached skill level 5 in Invocations
  5810 | D:7      | Found a sand-covered staircase.
  5819 | Ossuary  | Entered an ossuary
  5896 | Ossuary  | Reached *** piety under Qazlal
  6173 | D:7      | Found a burning altar of Makhleb.
  6335 | D:7      | Found a broken altar of Ashenzari.
  6373 | D:7      | Found a basalt altar of Yredelemnul.
  6422 | D:7      | Reached skill level 5 in Fighting
  6422 | D:7      | Reached skill level 5 in Long Blades
  6422 | D:7      | Reached skill level 5 in Axes
  6422 | D:7      | Reached skill level 5 in Maces & Flails
  6422 | D:7      | Reached skill level 5 in Polearms
  6422 | D:7      | Reached skill level 5 in Staves
  6422 | D:7      | Reached skill level 5 in Ranged Weapons
  6422 | D:7      | Reached skill level 5 in Throwing
  6422 | D:7      | Reached skill level 5 in Dodging
  6422 | D:7      | Reached skill level 5 in Stealth
  6422 | D:7      | Reached skill level 5 in Unarmed Combat
  6422 | D:7      | Reached skill level 5 in Evocations
  6422 | D:7      | Reached XP level 10. HP: 59/74 MP: 9/20
  6596 | D:7      | Noticed a gargoyle
  6599 | D:7      | Noticed a cyclops
  6605 | D:7      | Killed a gargoyle
  6663 | D:7      | Killed a cyclops
  6681 | D:7      | Noticed a kobold demonologist
  6698 | D:7      | Noticed a sixfirhy
  6759 | D:7      | Killed a kobold demonologist
  6760 | D:7      | Reached skill level 10 in Translocations
  6864 | D:7      | Found Xiekh's Tiny Tomes.
  7158 | D:7      | Reached **** piety under Qazlal
  7371 | D:8      | Found a transporter.
  7405 | D:8      | Found a transporter.
  7405 | D:8      | Noticed a hell hog
  7411 | D:8      | Noticed a toenail golem
  7513 | D:8      | Found a one-way gate to the infinite horrors of the Abyss.
  7513 | D:8      | Noticed suzumiya's ghost (novice MiFi)
  7551 | D:8      | Noticed an orc sorcerer
  7560 | D:8      | Killed an orc sorcerer
  8060 | D:9      | Noticed a kobold demonologist
  8061 | D:9      | Noticed a kobold demonologist
  8062 | D:9      | Noticed a soul eater
  8063 | D:9      | Noticed a kobold demonologist
  8141 | D:9      | Reached ***** piety under Qazlal
  8152 | D:9      | Reached skill level 5 in Conjurations
  8152 | D:9      | Reached skill level 5 in Hexes
  8152 | D:9      | Reached skill level 5 in Summonings
  8152 | D:9      | Reached skill level 5 in Necromancy
  8152 | D:9      | Reached skill level 5 in Transmutations
  8152 | D:9      | Reached skill level 5 in Fire Magic
  8152 | D:9      | Reached skill level 5 in Ice Magic
  8152 | D:9      | Reached skill level 5 in Air Magic
  8152 | D:9      | Reached skill level 5 in Earth Magic
  8152 | D:9      | Reached skill level 5 in Poison Magic
  8154 | D:9      | Reached XP level 11. HP: 55/81 MP: 22/22
  8497 | D:9      | Found a staircase to the Orcish Mines.
  8505 | D:9      | Noticed Psyche
  8517 | D:9      | Killed Psyche
  8722 | D:9      | Noticed a sun demon
  8740 | D:9      | Noticed Erolcha
  8742 | D:9      | Found an ornate altar of the Wu Jian Council.
  8742 | D:9      | Noticed Harold
  9149 | D:9      | Killed Harold
  9334 | D:9      | Killed Erolcha
  9424 | D:10     | Entered Level 10 of the Dungeon
  9616 | D:10     | Found a staircase to the Lair.
 10083 | D:10     | Learned a level 5 spell: Agony
 10584 | D:9      | Learned a level 5 spell: Silence
 10588 | D:9      | Learned a level 3 spell: Dazzling Flash
 10643 | Orc:1    | Entered Level 1 of the Orcish Mines
 10645 | Orc:1    | Noticed an orc sorcerer
 10647 | Orc:1    | Noticed an orc sorcerer
 10652 | Orc:1    | Killed an orc sorcerer
 10654 | Orc:1    | Noticed a soul eater
 10655 | Orc:1    | Killed an orc sorcerer
 10656 | Orc:1    | Reached XP level 12. HP: 70/91 MP: 21/24
 10704 | Orc:1    | Noticed Josephine
 10718 | Orc:1    | Killed Josephine
 10972 | Orc:1    | Noticed a two-headed ogre
 10981 | Orc:1    | Killed a two-headed ogre
 10996 | Orc:1    | Found Want's Jewellery Shoppe.
 11019 | Orc:1    | Found Dutaje's Distillery.
 11045 | Orc:1    | Found Kutedia's Assorted Antiques.
 11113 | Orc:1    | Found Usish's Assorted Antiques.
 11250 | Orc:1    | Found a dark tunnel.
 11259 | Volcano  | Entered a volcano
 11694 | Orc:2    | Entered Level 2 of the Orcish Mines
 11725 | Orc:2    | Noticed Urug
 11734 | Orc:2    | Noticed Jorgrun
 11811 | Orc:2    | Noticed an orc high priest
 11823 | Orc:2    | Killed an orc high priest
 11844 | Orc:2    | Paralysed by an orc sorcerer for 5 turns
 11848 | Orc:2    | Noticed a soul eater
 12005 | Orc:2    | Killed Jorgrun
 12006 | Orc:2    | Reached XP level 13. HP: 59/98 MP: 20/26
 12063 | Orc:2    | Killed Urug
 12124 | Orc:2    | Found Xitaquonon's Antique Weapon Shoppe.
 12134 | Orc:2    | Bought a faintly glowing quarterstaff for 225 gold pieces
 12134 | Orc:2    | Identified the +5 quarterstaff of Okawaru's Hatred {flame,
                  | *Noise rElec Dex+4} (You bought it in a shop on level 2 of
                  | the Orcish Mines)
 12217 | Orc:2    | Found a staircase to the Elven Halls.
 12349 | Orc:2    | Found Fiuraffi's Distillery.
 12372 | Orc:2    | Found an ancient bone altar of Kikubaaqudgha.
 12372 | Orc:2    | Noticed Nergalle
 12385 | Orc:2    | Killed Nergalle
 12406 | Orc:2    | Found Bayf Uha's Book Emporium.
 12489 | Orc:2    | Found a radiant altar of Vehumet.
 12520 | Orc:2    | Found Numy's Magic Scroll Emporium.
 12523 | Orc:2    | Reached skill level 10 in Spellcasting
 12551 | Orc:2    | Found Heiv's Antique Weapon Shoppe.
 12973 | Orc:1    | Bought a ring of the Octopus King {HP+2 MP+9 AC+2 EV+2
                  | SH+2} for 958 gold pieces
 12973 | Orc:1    | Found the ring of the Octopus King {HP+2 MP+9 AC+2 EV+2
                  | SH+2}
 13090 | Lair:1   | Entered Level 1 of the Lair of Beasts
 13417 | Lair:1   | Learned a level 5 spell: Freezing Cloud
 13527 | Lair:1   | Identified the +2 leather armour of Rationality {+Blink rF-
                  | Slay+5}
 13963 | Lair:2   | Identified the +2 leather armour of the Lair of Beasts {rC+
                  | rN+}
 13999 | Lair:2   | Reached XP level 14. HP: 85/108 MP: 20/28
 14001 | Lair:2   | Reached skill level 10 in Invocations
 14251 | Lair:2   | Found a staircase to the Shoals.
 14665 | Lair:3   | Learned a level 4 spell: Leda's Liquefaction
 15261 | Lair:3   | Found a hole to the Spider Nest.
 15569 | Lair:4   | Noticed Puaqeyn's ghost (journeyman MiFi)
 15590 | Lair:4   | Found a frozen archway.
 15612 | Lair:4   | Reached ****** piety under Qazlal
 15621 | Lair:4   | Lost mutation: You are agile. (Dex +4, Str/Int -1) [potion
                  | of mutation]
 15621 | Lair:4   | Lost mutation: You possess an exceptional clarity of mind.
                  | [potion of mutation]
 15621 | Lair:4   | Lost mutation: You are vulnerable to cold. (rC-) [potion of
                  | mutation]
 15621 | Lair:4   | Gained mutation: You are robust. (+10% HP) [potion of
                  | mutation]
 15621 | Lair:4   | Lost mutation: Your mind is acute. (Int +4, Str/Dex -1)
                  | [potion of mutation]
 15621 | Lair:4   | Gained mutation: You are mostly covered in iridescent
                  | scales. (AC +4) [potion of mutation]
 15623 | IceCv    | Entered an ice cave
 15639 | IceCv    | Reached skill level 10 in Short Blades
 15639 | IceCv    | Reached skill level 10 in Armour
 15639 | IceCv    | Reached skill level 10 in Shields
 15911 | IceCv    | Noticed a quicksilver ooze
 15923 | IceCv    | Killed a quicksilver ooze
 16011 | IceCv    | Noticed an azure jelly
 16028 | IceCv    | Killed an azure jelly
 16063 | IceCv    | Found a viscous altar of Jiyva.
 16084 | IceCv    | Got the ring of Compassion {Ice Fly rElec Int+4 Slay-3}
 16667 | Lair:4   | Found a staircase to the Slime Pits.
 16735 | Lair:4   | Reached skill level 10 in Fighting
 16735 | Lair:4   | Reached skill level 10 in Long Blades
 16735 | Lair:4   | Reached skill level 10 in Axes
 16735 | Lair:4   | Reached skill level 10 in Maces & Flails
 16735 | Lair:4   | Reached skill level 10 in Polearms
 16735 | Lair:4   | Reached skill level 10 in Staves
 16735 | Lair:4   | Reached skill level 10 in Ranged Weapons
 16735 | Lair:4   | Reached skill level 10 in Throwing
 16735 | Lair:4   | Reached skill level 10 in Dodging
 16735 | Lair:4   | Reached skill level 10 in Stealth
 16735 | Lair:4   | Reached skill level 10 in Unarmed Combat
 16735 | Lair:4   | Reached skill level 10 in Evocations
 16979 | Lair:4   | Found a transporter.
 16986 | Lair:4   | Found a transporter.
 17147 | Lair:5   | Entered Level 5 of the Lair of Beasts
 17163 | Lair:5   | Reached XP level 15. HP: 125/126 MP: 26/30
 18520 | D:8      | Killed suzumiya's ghost
 18791 | Lair:4   | Killed Puaqeyn's ghost
 19134 | Orc:2    | Bought a scroll of blinking for 135 gold pieces
 19403 | Spider:1 | Entered Level 1 of the Spider Nest
 19593 | Shoals:1 | Entered Level 1 of the Shoals
 20147 | Shoals:1 | Found Fadilujont's Armour Shop.
 20407 | Shoals:2 | Noticed Louise
 20415 | Shoals:2 | Killed Louise
 20432 | Shoals:2 | Reached XP level 16. HP: 112/136 MP: 29/32
 20450 | Shoals:2 | Found Ufizayzo's Jewellery Shoppe.
 21063 | Shoals:2 | Found an iron altar of Okawaru.
 21515 | Orc:2    | Bought a scroll of amnesia for 72 gold pieces
 21520 | Orc:2    | Learned a level 3 spell: Summon Guardian Golem
 22268 | Shoals:3 | Identified the +0 scale mail of Joy {rElec}
 22767 | Shoals:4 | Entered Level 4 of the Shoals
 22871 | Shoals:4 | Reached XP level 17. HP: 141/146 MP: 14/33
 22917 | Shoals:3 | Reached skill level 10 in Conjurations
 22917 | Shoals:3 | Reached skill level 10 in Hexes
 22917 | Shoals:3 | Reached skill level 10 in Summonings
 22917 | Shoals:3 | Reached skill level 10 in Necromancy
 22917 | Shoals:3 | Reached skill level 10 in Transmutations
 22917 | Shoals:3 | Reached skill level 10 in Fire Magic
 22917 | Shoals:3 | Reached skill level 10 in Ice Magic
 22917 | Shoals:3 | Reached skill level 10 in Air Magic
 22917 | Shoals:3 | Reached skill level 10 in Earth Magic
 22917 | Shoals:3 | Reached skill level 10 in Poison Magic
 22964 | Shoals:3 | Learned a level 7 spell: Ozocubu's Refrigeration
 23941 | Shoals:4 | Got a barnacled rune of Zot
 26043 | Spider:3 | Noticed Donald
 26055 | Spider:3 | Killed Donald
 26060 | Spider:3 | Reached XP level 18. HP: 129/155 MP: 25/35
 26770 | Spider:4 | Entered Level 4 of the Spider Nest
 28480 | Spider:4 | Got a gossamer rune of Zot
 28785 | Elf:1    | Entered Level 1 of the Elven Halls
 29251 | Elf:1    | Paralysed by an air elemental for 1 turns
 29295 | Elf:1    | Found Umell's Jewellery Shoppe.
 29312 | Elf:1    | Identified Roxanne's Treatise on Tephra
 29312 | Elf:1    | Noticed Roxanne
 29404 | Elf:1    | Found a gateway to a bazaar.
 29871 | Elf:1    | Reached XP level 19. HP: 163/163 MP: 37/37
 30116 | Elf:1    | Got the Incunabulum of Darkness
 30123 | Elf:1    | Learned a level 5 spell: Summon Mana Viper
 30397 | Elf:1    | Killed Roxanne
 30444 | Bazaar   | Entered a bazaar
 30444 | Bazaar   | Found Uzuesob's Antique Armour Boutique.
 30451 | Bazaar   | Found Seger's Magic Scroll Shoppe.
 30452 | Bazaar   | Found Hovac's Antique Weapon Shoppe.
 30461 | Bazaar   | Bought a scroll of amnesia for 48 gold pieces
 30461 | Bazaar   | Bought a scroll of enchant weapon for 90 gold pieces
 30483 | Bazaar   | Found Aclerof's Book Emporium.
 30491 | Bazaar   | Found Agrid's General Store.
 30866 | Elf:2    | Paralysed by an air elemental for 1 turns
 30923 | Elf:2    | Paralysed by an air elemental for 1 turns
 30952 | Elf:2    | Found a stormy altar of Qazlal.
 31222 | Elf:2    | Found a large runed translucent door.
 31222 | Elf:2    | Found a large runed translucent door.
 31264 | Elf:2    | Found a large runed translucent door.
 31264 | Elf:2    | Found a large runed translucent door.
 32285 | Elf:3    | Entered Level 3 of the Elven Halls
 32298 | Elf:3    | Noticed Aizul
 32411 | Elf:2    | Killed Aizul
 32621 | Elf:3    | Paralysed by an air elemental for 1 turns
 32892 | Elf:3    | Killed from afar by a deep elf sorcerer

Illustrated notes

Levels and vault maps discovered:
D:1:      dpeg_arrival_caged_fury, layout_loops_ring
D:2:      layout_basic, basic_altar, minmay_indecisive_spiral
D:3:      layout_basic, grunt_temple_overflow_gold_and_silver,
          cheibrodos_sewer_entry_sluice, minmay_misc_feat_nine_boxes,
          roderic_three_in_a_row
D:4:      layout_basic, mainiacjoe_overflow_large_starburst,
          overflow_temple_1_default, minmay_temple_entry_drinking_statues,
          uniq_natasha, uniq_edmund, uniq_pikel
D:5:      layout_rooms, general_overflow_altar, uniq_blork_the_orc
D:6:      layout_layer_cave, serial_shops, shop, uniq_menkaure, uniq_grinder
D:7:      minmay_blocky_corners, layout_gridville, yredelemnul_altar_generic,
          makhleb_blood_cavern_becter, mainiacjoe_overflow_brackets,
          nicolae_ossuary_entry_ruins, nicolae_shop_i_like_small_books_too
D:8:      cheibrodos_wizards_tower, layout_basic, gammafunk_ghost_abyssal_escape
D:9:      layout_grid_maze, nzn_wu_jian_contemplation, zombieorc2_lemuel,
          uniq_erolcha, uniq_harold, uniq_psyche
D:10:     layout_stronghold, erik_lair_island, serial_rivers,
          chequers_serial_rivers_micro_e, chequers_serial_rivers_micro_a,
          chequers_serial_rivers_micro_c, chequers_serial_rivers_marsh,
          chequers_serial_rivers_small_a, eino_jars
Lair:1:   layout_loops_ring, beast_lair_carwin_4, grunt_megastairs_3
Lair:2:   layout_roguey, elwin_shoals_entry_stream, st_stairs_10,
          grunt_megastairs_1
Lair:3:   layout_gridlike, nicolae_spider_entry_orb_guardian, serial_bayou,
          serial_bayou_pond_d, serial_bayou_pond_a, serial_bayou_lake_a,
          serial_bayou_lagoon_a, lemuel_fruit_tree
Lair:4:   layout_regular_city, slime_entry_1, gammafunk_ghost_hive,
          portal_ice_cave_entry_animals_and_master,
          chequers_serial_rivers_large_a, hangedman_lair_generics_rect,
          lemuel_fruit_fields
Lair:5:   minmay_lair_end_enchanted_forest, layout_concentric_octagons,
          grunt_megastairs_4
Shoals:1: layout_shoals, serial_shops, shop
Shoals:2: layout_shoals, serial_shops, shop, nicolae_shoals_cliffside_cave,
          lemuel_altar_in_water, uniq_louise
Shoals:3: layout_shoals, nicolae_shoals_gull_way
Shoals:4: shoals_end_grunt_ice, layout_shoals, ldierk_geyser
Spider:1: layout_spider_delve, nicolae_spider_nook
Spider:2: layout_spider_delve
Spider:3: layout_cave_pods, uniq_donald
Spider:4: guppyfry_spider_rune
Orc:1:    layout_caves, enter_volcano_2, serial_shops, shop, shop,
          nicolae_shop_real_fake_doors, nicolae_shop_industrial_runoff,
          uniq_josephine
Orc:2:    kennysheep_orc_mage_school, layout_diamond_mine, serial_shops, shop,
          nicolae_orc_stony_grotto, uniq_urug, uniq_jorgrun
Elf:1:    minmay_elf_crystal_pentagon, layout_loops_cross, serial_shops,
          statue_bzr, minmay_elf_necromancy, chequers_big_river, drop_trap,
          minmay_shop_enchanted_jewellery, uniq_roxanne
Elf:2:    elven_hall_of_blades_hangedman_alternative
          [nicolae_blade_entry_splitting_headache], layout_onion_city,
          nicolae_elf_altarnating
Elf:3:    minmay_elf_hall_circle, layout_rooms, minmay_elf_demonology,
          uniq_aizul

Skill      XL: |  1  2  3  4  5  6  7  8  9 10 11 12 13 14 15 16 17 18 |
---------------+-------------------------------------------------------+-----
Spellcasting   | 5 6 7 8 9 10 11 12 13 14 | 14.4
Invocations    | 1 2 3 4 5 6 7 8 9 10 11 12 13 14 | 14.7
Fighting       | 1 2 3 5 6 7 8 9 10 11 12 13 | 13.6
Long Blades    | 1 2 3 5 6 7 8 9 10 11 12 13 | 13.6
Axes           | 1 2 3 5 6 7 8 9 10 11 12 13 | 13.6
Maces & Flails | 1 2 3 5 6 7 8 9 10 11 12 13 | 13.6
Polearms       | 1 2 3 5 6 7 8 9 10 11 12 13 | 13.6
Staves         | 1 2 3 5 6 7 8 9 10 11 12 13 | 13.6
Ranged Weapons | 1 2 3 5 6 7 8 9 10 11 12 13 | 13.6
Throwing       | 1 2 3 5 6 7 8 9 10 11 12 13 | 13.6
Dodging        | 1 2 3 5 6 7 8 9 10 11 12 13 | 13.6
Stealth        | 1 2 3 5 6 7 8 9 10 11 12 13 | 13.6
Unarmed Combat | 1 2 3 5 6 7 8 9 10 11 12 13 | 13.6
Evocations     | 1 2 3 5 6 7 8 9 10 11 12 13 | 13.6
Conjurations   | 1 2 3 4 5 6 7 8 9 10 11 | 11.5
Hexes          | 1 2 3 4 5 6 7 8 9 10 11 | 11.5
Summonings     | 1 2 3 4 5 6 7 8 9 10 11 | 11.5
Necromancy     | 1 2 3 4 5 6 7 8 9 10 11 | 11.5
Transmutations | 1 2 3 4 5 6 7 8 9 10 11 | 11.5
Fire Magic     | 1 2 3 4 5 6 7 8 9 10 11 | 11.5
Ice Magic      | 1 2 3 4 5 6 7 8 9 10 11 | 11.5
Air Magic      | 1 2 3 4 5 6 7 8 9 10 11 | 11.5
Earth Magic    | 1 2 3 4 5 6 7 8 9 10 11 | 11.5
Poison Magic   | 1 2 3 4 5 6 7 8 9 10 11 | 11.5
Short Blades   | 3 4 5 6 7 8 9 10 11 12 13 | 13.8
Armour         | 3 4 5 6 7 8 9 10 11 12 13 | 13.8
Shields        | 3 4 5 6 7 8 9 10 11 12 13 | 13.8
Translocations | 9 10 11 12 13 14 | 14.2

Action                     |  1- 3 |  4- 6 |  7- 9 | 10-12 | 13-15 | 16-18 | 19-21 || total
---------------------------+-------+-------+-------+-------+-------+-------+-------++-------
  Melee: Short sword       |   127 |       |       |       |       |       |       ||   127
         Bite              |    16 |    17 |    58 |    94 |   155 |   196 |    38 ||   574
         Dagger            |    29 |   158 |   387 |   353 |       |       |       ||   927
         Falchion          |       |       |       |   165 |   910 |   943 |       ||  2018
         Unarmed           |       |       |       |     3 |       |       |       ||     3
         Long sword        |       |       |       |       |       |    40 |   226 ||   266
   Cast: Teleport Other    |       |     5 |     8 |     3 |       |     1 |       ||    17
         Poisonous Vapours |       |       |    22 |    20 |       |       |       ||    42
         Summon Guardian G |       |       |    15 |    14 |     5 |     3 |       ||    37
         Olgreb's Toxic Ra |       |       |     4 |    31 |   124 |   217 |    34 ||   410
         Blink             |       |       |       |     1 |       |     1 |       ||     2
         Dazzling Flash    |       |       |       |    13 |    13 |    10 |       ||    36
         Silence           |       |       |       |     1 |       |       |       ||     1
         Freezing Cloud    |       |       |       |       |    43 |   143 |    21 ||   207
         Leda's Liquefacti |       |       |       |       |     9 |     1 |       ||    10
         Agony             |       |       |       |       |     1 |     3 |       ||     4
         Summon Mana Viper |       |       |       |       |       |       |     3 ||     3
 Invoke: Elemental Force   |       |       |       |     6 |     6 |     9 |     7 ||    28
         Upheaval          |       |       |       |     2 |       |       |       ||     2
         Disaster Area     |       |       |       |       |       |     1 |       ||     1
Ability: Evoke Invisibilit |       |       |       |     3 |       |       |       ||     3
  Evoke: Wand              |       |       |     3 |     3 |    15 |     7 |     2 ||    30
         Lightning rod     |       |       |       |       |     3 |     1 |     1 ||     5
    Use: Potion            |       |     1 |     4 |     3 |     3 |     4 |     2 ||    17
         Scroll            |       |       |    22 |    12 |     2 |     5 |     3 ||    44
   Stab: Sleeping          |     3 |     3 |       |       |       |       |       ||     6
         Invisible         |       |       |       |    10 |     5 |       |       ||    15
         Paralysed         |       |       |       |     1 |     4 |       |       ||     5
         Distracted        |       |       |       |       |       |     3 |       ||     3
 Armour: Robe              |    21 |    12 |       |       |       |       |       ||    33
         Troll leather arm |       |    24 |   103 |   144 |   215 |   307 |    45 ||   838
  Dodge: Dodged            |    63 |    58 |   134 |   276 |   487 |   673 |   118 ||  1809
         Repelled          |       |       |       |     5 |     8 |    22 |    10 ||    45
  Block: Buckler           |    27 |    34 |   131 |   318 |   746 |  1078 |   172 ||  2506
